 Dungeon Crawl Stone Soup version 0.13-a0-2156-ga9a2eb8 (webtiles) character file.

197 JacquesDerrida the Slasher (level 4, -1/31 HPs)
             Began as a High Elf Gladiator on June 30, 2013.
             Slain by a sky beast (4 damage)
             ... on Level 3 of the Dungeon.
             The game lasted 00:06:18 (2495 turns).

JacquesDerrida the Slasher (High Elf Gladiator)     Turns: 2495, Time: 00:06:19

HP  -1/31        AC  4     Str 14      XL: 4   Next: 58%
MP   6/6         EV 12     Int 12      God:
Gold 89          SH  0     Dex 16      Spells:  0 memorised,  3 levels left

Res.Fire  : . . .   See Invis. : .   s - +1,+2 elf long sword
Res.Cold  : . . .   Warding    : .   b - +0 elf leather armour
Life Prot.: . . .   Conserve   : .   (no shield)
Res.Poison: .       Res.Corr.  : .   c - +0 helmet
Res.Elec. : .       Clarity    : .   (no cloak)
Sust.Abil.: . .     Spirit.Shd : .   (no gloves)
Res.Mut.  : .       Stasis     : .   (no boots)
Res.Rott. : .       Flight     : .   j - amulet of inaccuracy {unknown}
Saprovore : . . .                    (no ring)
                                     (no ring)

@: mildly poisoned, slightly resistant to hostile enchantments, unstealthy
A: no striking features
a: no special abilities


You were on level 3 of the Dungeon.
You were not hungry.

You visited 1 branch of the dungeon, and saw 3 of its levels.

You collected 69 gold pieces.

Inventory:

Hand weapons
 a - a +0,+0 elven falchion
 o - a -1,+3 orcish dagger
 s - a +1,+2 elven long sword (weapon)
Missiles
 d - 2 throwing nets (quivered)
 n - 10 poisoned needles
Armour
 b - a +0 elven leather armour (worn)
 c - a +0 helmet (worn)
 p - a +1 chain mail of poison resistance
Comestibles
 f - 5 bread rations
 k - 2 rotting chunks of hobgoblin flesh
Scrolls
 e - a scroll of identify
 t - a scroll of remove curse {unknown}
Jewellery
 j - an amulet of inaccuracy (around neck) {unknown}
Potions
 h - a potion of degeneration {unknown}


   Skills:
 - Level 2.0 Fighting
 + Level 6.1 Long Blades
 - Level 2.1 Throwing
 - Level 1.0 Armour
 - Level 3.2 Dodging
 - Level 0.2 Stealth
 - Level 0.4 Traps


You had 3 spell levels left.
You didn't know any spells.

Dungeon Overview and Level Annotations

Branches:
Dungeon (3/27)

Altars:


Message History

You miss the sky beast.
The sky beast is severely wounded.
The sky beast closely misses you. The sky beast hits you.
* * * LOW HITPOINT WARNING * * *
The sky beast shocks you!
* * * LOW HITPOINT WARNING * * *
You hit the sky beast.
The sky beast is severely wounded.
The sky beast barely misses you.
The sky beast flickers out of sight!
Deactivating autopickup; reactivate with Ctrl-A.
You see here a rat corpse.
Drink which item? (? for menu, Esc to quit)
That liquid tasted very nasty...
You are poisoned.
It was a potion of poison.
* * * LOW HITPOINT WARNING * * *
You feel sick.
You feel a little better. It hits you.
You die...

.# #####.# #.# .#
#...{.# #.# .#
##.##.# #.# .#
#.#### #.# .# #.#
#.# .# #%# #.# .#
#.# #.# .#
#.#############.#
##
#.....@.........#
#.###############
###


There were no monsters in sight!

Vanquished Creatures
  Terence (D:2)
  3 adders
  A giant mite (D:2)
  4 giant cockroaches
  7 goblins
  11 hobgoblins
  7 jackals (D:1)
  9 bats
  3 giant newts
  5 kobolds
  6 rats
57 creatures vanquished.

Vanquished Creatures (others)
  A giant newt (D:2)
1 creature vanquished.

Grand Total: 58 creatures vanquished

Notes
Turn   | Place    | Note
--------------------------------------------------------------
     0 | D:1      | JacquesDerrida, the High Elf Gladiator, began the quest for the Orb.
     0 | D:1      | Reached XP level 1. HP: 15/15 MP: 1/1
    56 | D:1      | Reached skill level 4 in Long Blades
   158 | D:1      | Reached XP level 2. HP: 13/20 MP: 2/2
   935 | D:1      | Reached XP level 3. HP: 22/25 MP: 4/4
  1035 | D:2      | Reached skill level 5 in Long Blades
  1278 | D:2      | Reached skill level 1 in Armour
  1381 | D:2      | Noticed Terence
  1393 | D:2      | Reached XP level 4. HP: 22/31 MP: 6/6
  1403 | D:2      | Killed Terence
  2131 | D:3      | Reached skill level 6 in Long Blades
  2385 | D:3      | Noticed a sky beast
  2495 | D:3      | Slain by a sky beast

Action                   |  1- 3 |  4- 6 || total
-------------------------+-------+-------++-------
Melee: Falchion          |   143 |       ||   143
       Long sword        |    10 |    68 ||    78
Throw: Throwing net      |       |     1 ||     1
  Use: Potion            |     1 |     4 ||     5
       Scroll            |       |     8 ||     8
 Stab: Distracted        |     1 |       ||     1
